 Dungeon Crawl Stone Soup version 0.28.0 (webtiles) character file.

Game seed: 11773527365500918891

41 Skilfsilihog the Firebug (level 3, -1/34 HPs)
             Began as a Draconian Fire Elementalist on Feb 20, 2022.
             Slain by Terence (3 damage)
             ... on level 1 of the Dungeon.
             The game lasted 00:04:02 (1422 turns).

Skilfsilihog the Firebug (DrFE)                     Turns: 1422, Time: 00:04:03

Health: -1/34      AC: 21    Str: 12    XL:     3   Next: 32%
Magic:  0/6        EV:  2    Int: 15    God:
Gold:   45         SH:  0    Dex: 11    Spells: 3/6 levels left

rFire   + . .      SeeInvis .   c - +0 dagger
rCold   + . .      Faith    .   (no shield)
rNeg    . . .      Spirit   .   (armour unavailable)
rPois   +          Reflect  .   (helmet currently unavailable)
rElec   +          Harm     .   (cloak currently unavailable)
rCorr   +          Rampage  .   (gloves currently unavailable)
Will    .....      NoTele   +   (boots currently unavailable)
Stlth   ++........              (no amulet)
HPRegen 0.11/turn               (no ring)
MPRegen 0.10/turn               (no ring)

@: tree-form, resistant
A: stationary, stasis, torment immunity, boosted hp, AC +5, unfitting armour,
(cold-blooded), (stinger 1), frail 1, (electricity resistance)
a: no special abilities


You were on level 1 of the Dungeon.
You were a tree.
You visited 1 branch of the dungeon, and saw 2 of its levels.

You collected 45 gold pieces.

Inventory:

Hand Weapons
 c - a +0 dagger (weapon)
Scrolls
 a - a scroll of identify
 d - a scroll of noise
Potions
 b - a potion of lignification


   Skills:
 - Level 1.7 Dodging
 - Level 1.7 Stealth
 - Level 2.0 Spellcasting
 + Level 1.0 Conjurations
 - Level 4.4 Fire Magic


You had 3 spell levels left.
You knew the following spells:

 Your Spells              Type           Power      Damage    Failure   Level
a - Foxfire               Conj/Fire      36%        2x1d5     7%          1
b - Scorch                Fire           28%        2d6       5%          2

Your spell library contained the following spells:

 Spells                   Type           Power      Damage    Failure   Level
 Conjure Flame            Conj/Fire      9%         6-21      22%         3
 Inner Flame              Hex/Fire       8%         N/A       26%         3
 Flame Wave               Conj/Fire      9%         2d5       56%         4


Dungeon Overview and Level Annotations

Branches:
Dungeon (2/15)

Altars:

Annotations:
D:1 Terence


Innate Abilities, Weirdness & Mutations

You are a tree.
Your roots penetrate the ground, keeping you stationary.
You cannot be teleported.
You are immune to unholy pain and torment.
Your maximum health is greatly increased.
Your equipment is partially melded.
((Your plain brown scales are hard. (AC +5)))
You cannot fit into any form of body armour.
((You are cold-blooded and may be slowed by cold attacks.))
((Your tail ends in a venomous barb.))
You are frail. (-10% HP)
((You are resistant to electric shocks. (rElec)))


Message History

Terence hits you with a +0 mace!
The foxfire hits Terence.
Terence is moderately wounded.
The foxfire hits Terence but does no damage.
Terence is moderately wounded.
Terence hits you with a +0 mace.
* * * LOW HITPOINT WARNING * * *
Casting: Foxfire (safe; 7% risk of failure)
Confirm with . or Enter, or press ? or * to list all spells.
You conjure some foxfire!
Terence barely misses you.
The foxfire hits Terence but does no damage.
Terence is moderately wounded.
The foxfire hits Terence but does no damage.
Terence is moderately wounded.
It was a potion of lignification.
You turn into a tree.
Your roots penetrate the ground.
You are too injured to fight recklessly!
You are too injured to fight recklessly!
You are too injured to fight recklessly!
You cannot move.
It was a potion of mutation.
You feel extremely strange.
A venomous barb forms on the end of your tail.
You feel frail.
You feel insulated. Terence hits you with a +0 mace.
* * * LOW HITPOINT WARNING * * *
Your magical contamination has completely faded away.
Sorry, you're not good enough to have a special ability.
It was a potion of resistance.
You feel protected. Terence hits you but does no damage.
As you read the scroll labelled ZOIRPH TUJIWNI, it crumbles to dust.
It is a scroll of identify.
d - a scroll of noise Terence hits you with a +0 mace.
* * * LOW HITPOINT WARNING * * *
You are too injured to fight recklessly!
Casting: Foxfire (safe; 7% risk of failure)
Confirm with . or Enter, or press ? or * to list all spells.
You conjure some foxfire!
Terence hits you with a +0 mace.
You die...

.###.....####...##.......#
###....#..###....#.#######
.....#.....##....#.# ####
#...####.........#.# ##..#
...#####...........####..##
......##.#.##......##.....##
..###..#...................##
#>.###.....##...@...........#
....###.........♣v..........#
..#..............v..........#
..###.......................#
#.................#(........#
....##.######..#..##.......##
...###.# #...............#
...# #.# ####............#
..## #.# #............#
..####.# #######............#


You could see Terence (ally target).

Vanquished Creatures
  An adder (D:1)
  3 dart slugs (D:1)
  4 bats (D:1)
  3 endoplasms (D:1)
  2 goblins (D:1)
  A hobgoblin (D:1)
  3 jackals (D:1)
  4 frilled lizards
  5 rats
26 creatures vanquished.

Vanquished Creatures (others)
  102 foxfires
102 creatures vanquished.

Grand Total: 128 creatures vanquished

Notes
Turn   | Place    | Note
-------+----------+-------------------------------------------
     0 | D:1      | Skilfsilihog the Draconian Fire Elementalist began the
                  | quest for the Orb.
     0 | D:1      | Reached XP level 1. HP: 14/14 MP: 3/3
   288 | D:1      | Reached XP level 2. HP: 17/20 MP: 0/5
   590 | D:1      | Found a faded altar of an unknown god.
   654 | D:1      | Reached skill level 4 in Fire Magic
  1036 | D:1      | Reached XP level 3. HP: 26/26 MP: 3/6
  1139 | D:2      | Noticed Terence
  1327 | D:1      | Learned a level 2 spell: Scorch
  1419 | D:1      | Gained mutation: Your tail ends in a venomous barb. [potion
                  | of mutation]
  1419 | D:1      | Gained mutation: You are frail. (-10% HP) [potion of
                  | mutation]
  1419 | D:1      | Gained mutation: You are resistant to electric shocks.
                  | (rElec) [potion of mutation]
  1422 | D:1      | Slain by Terence

Illustrated notes

Levels and vault maps discovered:
D:1:      eino_arrival_cavern_a, layout_rooms,
          ebering_ecumenical_altar_petrified
D:2:      layout_basic, uniq_terence, uniq_natasha

Skill      XL: |  1  2 |
---------------+-------+-----
Fire Magic     | 4 |  4.4
Dodging        | |  1.7
Stealth        | |  1.7
Spellcasting   | |  2.0
Conjurations   | |  1.0

Action                   || total
-------------------------++-------
Melee: Dagger            ||    34
       Tailslap          ||     6
       Punch             ||     2
 Cast: Foxfire           ||    56
       Scorch            ||     4
  Use: Potion            ||     3
       Scroll            ||     1
 Stab: Sleeping          ||     1
Armor: Skin              ||    15
Dodge: Dodged            ||    52
